[Event "Team 45 45 League T35"]
[Site "Internet Chess Club"]
[Date "2007.10.31"]
[Round "3"]
[White "chiiwen"]
[Black "bobhill"]
[Result "0-1"]
[WhiteElo "1898"]
[BlackElo "2019"]
[Opening "Sicilian: closed, 6.Be3"]
[ECO "B26"]
[Time "18:42:37"]
[TimeControl "2700+45"]

1. e4 c5 2. Nc3 Nc6 3. g3 d6 4. Bg2 g6 5. d3 Bg7 6. Be3 Nf6 7. h3 Bd7 8. Qd2 Nd4
9. Nd1 Qc7 10. c3 Ne6 11. f4 Bc6 12. Ne2 O-O-O 13. O-O d5 14. e5 Nd7 15. d4 f6
16. h4 Rhf8 17. Bh3 f5 18. b4 c4 19. a4 b5 20. axb5 Bxb5 21. Ra5 a6 22. Qa2 Nb8
23. Qb2 Nc6 24. Ra1 Qb6 25. Qa3 Nc7 26. Nb2 e6 27. Na4 Bxa4 28. Qxa4 Kb7 29. Bf2
Ra8 30. Rfb1 Nb5 31. Qa2 Rfb8 32. Qb2 Bf8 33. g4 Be7 34. gxf5 gxf5 35. Kh2 Rg8
36. Bg3 Qd8 37. h5 Qe8 38. Ng1 Qxh5 39. Qe2 Qh6 40. Qf3 Rg6 41. Ne2 Rag8 42. Rg1
Bh4 43. Ra2 Ne7 44. Rc2 Bxg3+ 45. Rxg3 Rxg3 46. Nxg3 Rg4 47. Rf2 Ng6 48. Ne2 Na3
{White resigns} 0-1

[Event "Team 45 45 League T35"]
[Site "Internet Chess Club"]
[Date "2007.11.03"]
[Round "3"]
[White "BaroneRosso"]
[Black "SRS"]
[Result "1-0"]
[WhiteElo "1998"]
[BlackElo "1801"]
[Opening "Kevitz-Trajkovich defense"]
[ECO "A50"]
[Time "16:02:55"]
[TimeControl "2700+45"]

1. d4 Nf6 2. c4 Nc6 3. Nf3 e6 4. Nc3 Ne7 5. e4 d6 6. Bd3 Ng6 7. h4 e5 8. g3 exd4
9. Nxd4 Ne5 10. Be2 h5 11. Bg5 Be7 12. Qd2 g6 13. O-O-O b6 14. Rhf1 Bb7 15. f3
a5 16. Kb1 a4 17. a3 Ba6 18. Ndb5 Ned7 19. f4 Nc5 20. Bf3 Bb7 21. e5 Be4+ 22.
Bxe4 Nfxe4 23. Nxe4 Nxe4 24. Qg2 Nxg5 25. Qxa8 {Black resigns} 1-0

[Event "Team 45 45 League T35"]
[Site "Internet Chess Club"]
[Date "2007.11.05"]
[Round "3"]
[White "kabindra"]
[Black "A-Ru"]
[Result "0-1"]
[WhiteElo "1735"]
[BlackElo "1889"]
[Opening "French: Tarrasch, closed variation"]
[ECO "C05"]
[Time "18:00:24"]
[TimeControl "2700+45"]

1. e4 e6 2. d4 d5 3. Nd2 Nf6 4. e5 Nfd7 5. Bd3 c5 6. c3 Nc6 7. Ne2 Qb6 8. Nf3
cxd4 9. cxd4 f6 10. exf6 Nxf6 11. O-O Bd6 12. a3 O-O 13. b4 e5 14. dxe5 Nxe5 15.
Nxe5 Bxe5 16. Be3 Qc7 17. Rc1 Bxh2+ 18. Kh1 Qe5 19. g3 Bg4 20. Kxh2 Qh5+ 21. Kg1
Bf3 {White resigns} 0-1

[Event "Team 45 45 League T35"]
[Site "Internet Chess Club"]
[Date "2007.11.03"]
[Round "3"]
[White "camembert"]
[Black "Rainbird"]
[Result "1-0"]
[WhiteElo "1890"]
[BlackElo "1765"]
[Opening "Grünfeld: 4.Bf4"]
[ECO "D82"]
[Time "10:02:42"]
[TimeControl "2700+45"]

1. d4 Nf6 2. c4 g6 3. Nc3 d5 4. Bf4 Bg7 5. e3 c6 6. Nf3 O-O 7. Rc1 Be6 8. Ng5
Bf5 9. Qb3 Qb6 10. Qxb6 axb6 11. cxd5 Nxd5 12. Nxd5 cxd5 13. a3 Nc6 14. Bb5 e5
15. Bxc6 exf4 16. Bxd5 fxe3 17. fxe3 Rae8 18. Kd2 Re7 19. Rhe1 h6 20. Nf3 g5 21.
Rc3 Rd8 22. Bc4 Bg4 23. Bd3 Rde8 24. Bb5 Rd8 25. Rec1 Be6 26. Rc7 Rxc7 27. Rxc7
Bd5 28. Bc4 Bxc4 29. Rxc4 Rd7 30. Rb4 Rd6 31. Kd3 Kf8 32. Nd2 Ke8 33. Nc4 Rf6
34. Ke2 Rc6 35. b3 Bf8 36. Rxb6 Rxb6 37. Nxb6 Bxa3 38. Kd3 Bd6 39. h3 h5 40. Ke4
Bg3 41. Kf5 Bf2 42. Nc4 Ke7 43. d5 b5 44. Na3 Bxe3 45. Nxb5 Bf4 46. Nc3 f6 47.
Ne4 Be5 48. Nxg5 Kd6 49. Ne4+ Kxd5 50. Nxf6+ Kd4 51. Nxh5 Bd6 52. g4 {Black
resigns} 1-0

[Event "Team 45 45 League T35"]
[Site "Internet Chess Club"]
[Date "2007.11.04"]
[Round "3"]
[White "DocHoliday"]
[Black "Boromir"]
[Result "1-0"]
[WhiteElo "1971"]
[BlackElo "1989"]
[Opening "Caro-Kann: Tartakower (fantasy) variation"]
[ECO "B12"]
[Time "03:10:46"]
[TimeControl "2700+45"]

1. e4 c6 2. d4 d5 3. f3 e6 4. Nc3 Bb4 5. a3 Bxc3+ 6. bxc3 dxe4 7. Qe2 exf3 8.
Nxf3 Nf6 9. Qe3 Nbd7 10. Bd3 Nd5 11. Qd2 Qa5 12. c4 Qxd2+ 13. Bxd2 N5f6 14. O-O
O-O 15. Bf4 b6 16. Bd6 Re8 17. Rae1 Bb7 18. c3 c5 19. Re2 Rac8 20. Nd2 Bc6 21.
Re3 Bb7 22. Re2 Rc6 23. Bg3 Ba6 24. Rfe1 Rcc8 25. Re3 Red8 26. d5 exd5 27. cxd5
Bxd3 28. Rxd3 Re8 29. Rxe8+ Rxe8 30. c4 Ne4 31. Re3 Ndf6 32. Nxe4 Rxe4 33. Rxe4
Nxe4 34. Bf4 Kf8 35. Kf1 g5 36. Bc1 Nd6 37. Ke2 Nxc4 38. Kd3 b5 39. a4 a6 40.
axb5 axb5 41. Bxg5 Ke8 42. Bf4 Kd7 43. g4 Nd6 44. Be3 Nb7 45. Bf4 Nd6 46. Be3
Nb7 47. Bf4 f6 48. h4 Nd8 49. h5 Nf7 50. Kc3 Ng5 51. Kd3 Nh3 52. Bg3 Ng5 53. Bf4
Nf7 54. Kc3 Nd6 55. Be3 Nb7 56. Bf4 Nd6 57. Be3 Nb7 58. Bf4 Na5 59. Kd3 b4 60.
h6 c4+ 61. Kd4 b3 62. Bc1 Kd6 63. Ba3+ Kd7 64. Kc3 Nb7 65. Kxc4 Nd6+ 66. Kxb3
Nf7 67. Bc1 Kd6 68. Kc4 Ne5+ 69. Kd4 Nxg4 70. Bf4+ Ne5 71. Bxe5+ fxe5+ 72. Ke4
Kd7 73. Kxe5 Ke7 74. d6+ Kd7 75. Kd5 Kd8 76. Ke6 Ke8 77. Kf6 {Black resigns} 1-0

[Event "Team 45 45 League T35"]
[Site "Internet Chess Club"]
[Date "2007.11.04"]
[Round "3"]
[White "ivanson"]
[Black "Budzo"]
[Result "0-1"]
[WhiteElo "1855"]
[BlackElo "1746"]
[Opening "French: Tarrasch"]
[ECO "C03"]
[Time "17:05:25"]
[TimeControl "2700+45"]

1. e4 e6 2. d4 d5 3. Nd2 Be7 4. Bd3 c5 5. exd5 Qxd5 6. Ngf3 cxd4 7. O-O Nf6 8.
Nb3 Nc6 9. Nbxd4 Nxd4 10. Nxd4 O-O 11. c3 Bd7 12. Qe2 Bd6 13. Nf3 e5 14. Bc4 Qc5
15. h3 e4 16. Be3 exf3 17. gxf3 Qh5 {White resigns} 0-1

[Event "Team 45 45 League T35"]
[Site "Internet Chess Club"]
[Date "2007.11.03"]
[Round "3"]
[White "charles-allen"]
[Black "JeCrainsDegun"]
[Result "1-0"]
[WhiteElo "1771"]
[BlackElo "1689"]
[Opening "Scotch gambit: Dubois-Réti defense"]
[ECO "C55"]
[Time "14:01:39"]
[TimeControl "2700+45"]

1. e4 e5 2. Bc4 Nf6 3. d4 exd4 4. Nf3 Nc6 5. e5 d5 6. Bb5 Ne4 7. Nxd4 Bc5 8. Be3
Bd7 9. Bxc6 bxc6 10. Nd2 Nxd2 11. Qxd2 Bb6 12. Nb3 O-O 13. O-O Qe7 14. Qc3 Rfe8
15. f4 f6 16. Bc5 Bxc5+ 17. Nxc5 fxe5 18. fxe5 Be6 19. Na6 Bc8 20. Nb4 Qxe5 21.
Rae1 Qh5 22. Qxc6 Bf5 23. Qxd5+ Kh8 24. Qxf5 Qxf5 25. Rxe8+ {Black resigns} 1-0

[Event "Team 45 45 League T35"]
[Site "Internet Chess Club"]
[Date "2007.11.07"]
[Round "3"]
[White "chickenhead"]
[Black "John3v16"]
[Result "1-0"]
[WhiteElo "1893"]
[BlackElo "1895"]
[Opening "QGD semi-Slav: Meran variation"]
[ECO "D47"]
[Time "12:16:25"]
[TimeControl "2700+45"]

1. c4 Nf6 2. Nf3 e6 3. Nc3 d5 4. d4 c6 5. e3 Nbd7 6. Bd3 dxc4 7. Bxc4 b5 8. Bb3
Bb7 9. O-O a6 10. e4 b4 11. e5 bxc3 12. exf6 cxb2 13. fxg7 Bxg7 14. Bxb2 c5 15.
Re1 Bxf3 16. Qxf3 O-O 17. Rad1 Qa5 18. Bc3 Qc7 19. d5 Bxc3 20. Qxc3 e5 21. d6
Qd8 22. f4 exf4 23. Re7 Nb6 24. Qf6 Nc8 25. Bxf7+ {Black resigns} 1-0

[Event "Team 45 45 League T35"]
[Site "Internet Chess Club"]
[Date "2007.11.03"]
[Round "3"]
[White "hewdondada"]
[Black "VanillaQueen"]
[Result "0-1"]
[WhiteElo "1781"]
[BlackElo "1873"]
[Opening "QGD: semi-Slav, Noteboom variation"]
[ECO "D11"]
[Time "15:09:59"]
[TimeControl "2700+45"]

1. d4 d5 2. c4 c6 3. Nf3 e6 4. Nc3 dxc4 5. a4 Bb4 6. e3 b5 7. Bd2 Bxc3 8. Bxc3
Ne7 9. axb5 cxb5 10. b3 O-O 11. bxc4 bxc4 12. Bxc4 Nd5 13. Bd2 Nc6 14. O-O Bb7
15. e4 Nb6 16. Bd3 Nxd4 17. Nxd4 Qxd4 18. Be3 Qd7 19. Qe2 Rfd8 20. Rfd1 Qe7 21.
Rxa7 Rxa7 22. Bxb6 Raa8 23. Bxd8 Rxd8 24. e5 g6 25. f4 Rd4 26. g3 Qc5 27. Kf1
Qd5 28. Ke1 Qa5+ 29. Kf1 Ra4 30. Qb2 Qd5 31. Qf2 Ba6 32. Be2 Qxd1+ {White
resigns} 0-1

[Event "Team 45 45 League T35"]
[Site "Internet Chess Club"]
[Date "2007.11.06"]
[Round "3"]
[White "Lazerpawn"]
[Black "ExpertLevel"]
[Result "0-1"]
[WhiteElo "1683"]
[BlackElo "1803"]
[Opening "Sicilian: Smith-Morra gambit"]
[ECO "B21"]
[Time "19:04:54"]
[TimeControl "2700+45"]

1. e4 c5 2. d4 cxd4 3. c3 dxc3 4. Nxc3 Nc6 5. Nf3 g6 6. Bc4 Bg7 7. O-O Nf6 8.
Qe2 O-O 9. Rd1 Ng4 10. Ng5 d6 11. h3 Nge5 12. Bb3 h6 13. Nf3 Nxf3+ 14. Qxf3 Nd4
15. Rxd4 Bxd4 16. Bxh6 Bg7 17. Qf4 Be6 18. Bc2 Rc8 19. Rd1 Qa5 20. h4 Bxh6 21.
Qxh6 Qh5 22. Qf4 Bxa2 23. Rd2 Be6 24. Bd1 Qe5 25. Qh6 Qg7 26. Qe3 b6 27. f4 Qh6
28. g4 Rc7 29. g5 Qg7 30. h5 gxh5 31. Bxh5 Rfc8 32. f5 Bd7 33. Nd5 Rc1+ 34. Kf2
Qe5 35. Bxf7+ Kxf7 36. g6+ Kg7 37. Qh3 Rh8 38. f6+ Qxf6+ 39. Nxf6 Bxh3 40. Nd5
e6 41. Nf4 e5 42. Nxh3 Rxh3 43. Rxd6 Rc2+ {White resigns} 0-1

[Event "Team 45 45 League T35"]
[Site "Internet Chess Club"]
[Date "2007.11.06"]
[Round "3"]
[White "RD1974"]
[Black "GolfSuper"]
[Result "1-0"]
[WhiteElo "1633"]
[BlackElo "1665"]
[Opening "Sicilian: closed"]
[ECO "B23"]
[Time "19:08:05"]
[TimeControl "2700+45"]

1. e4 c5 2. Nc3 e6 3. g3 b5 4. Bg2 a6 5. d3 Nc6 6. Be3 Bb7 7. Nf3 Nf6 8. O-O Be7
9. e5 Ng4 10. Bf4 Qc7 11. Re1 d6 12. exd6 Bxd6 13. Bxd6 Qxd6 14. Ne4 Qe7 15. Qe2
Nf6 16. Nfg5 O-O 17. Qe3 Nxe4 18. Nxe4 Nd4 19. Rac1 Bxe4 20. Bxe4 Rac8 21. c3
Nc6 22. f4 Rc7 23. Qf3 Qd6 24. Rcd1 Ne7 25. d4 Nd5 26. Bxd5 Qxd5 27. Qxd5 exd5
28. dxc5 Rxc5 29. Re5 Rd8 30. Kf2 f6 31. Re7 Kf8 32. Rde1 Rc4 33. Kf3 d4 34.
cxd4 Rcxd4 35. Ra7 Rd3+ 36. Kg4 Re8 37. Rxe8+ Kxe8 38. Rxg7 Rd7 39. Rxd7 Kxd7
40. Kf5 Ke7 41. h4 b4 42. h5 Kf7 43. h6 a5 44. g4 a4 45. g5 fxg5 46. fxg5 a3 47.
b3 Kg8 48. Kf6 Kh8 49. g6 hxg6 50. Kxg6 Kg8 51. h7+ Kh8 52. Kf5 Kxh7 53. Ke4 Kg6
54. Kd4 Kf6 55. Kc4 Ke6 56. Kxb4 Kd6 57. Kxa3 Kc5 58. b4+ Kb5 59. Kb3 Kb6 60.
Kc4 Kc6 61. a4 Kb6 62. a5+ Ka6 63. Kc5 Kb7 64. b5 Kc7 65. a6 Kb8 66. Kc6 Ka8 67.
Kc7 Ka7 68. b6+ {Black resigns} 1-0

[Event "Team 45 45 League T35"]
[Site "Internet Chess Club"]
[Date "2007.11.06"]
[Round "3"]
[White "valipop"]
[Black "eurander"]
[Result "0-1"]
[WhiteElo "2085"]
[BlackElo "2138"]
[Opening "Caro-Kann: Panov-Botvinnik attack, 5...e6"]
[ECO "B14"]
[Time "12:59:06"]
[TimeControl "2700+45"]

1. e4 c6 2. d4 d5 3. exd5 cxd5 4. c4 Nf6 5. Nc3 e6 6. Nf3 Bb4 7. Bg5 Qa5 8. Bd2
Ne4 9. Nxe4 dxe4 10. Bxb4 Qxb4+ 11. Nd2 Qxb2 12. Nxe4 O-O 13. Rb1 Qxa2 14. Bd3
Qa5+ 15. Kf1 Nd7 16. Rb5 Qd8 17. Rh5 g6 18. Ng5 Nf6 19. Rh4 Re8 20. Qd2 e5 21.
Nxh7 Ng4 22. g3 e4 23. Be2 e3 24. fxe3 Nxe3+ 25. Ke1 Ng2+ 26. Kf1 Nxh4 {White
resigns} 0-1

[Event "Team 45 45 League T35"]
[Site "Internet Chess Club"]
[Date "2007.11.02"]
[Round "3"]
[White "livis"]
[Black "Terte"]
[Result "0-1"]
[WhiteElo "1977"]
[BlackElo "2160"]
[Opening "Sicilian: Smith-Morra gambit"]
[ECO "B21"]
[Time "14:53:09"]
[TimeControl "2700+45"]

1. e4 c5 2. d4 cxd4 3. Bd3 d6 4. f4 Nc6 5. Nf3 g6 6. a3 Bg7 7. O-O Nf6 8. b4 a6
9. h3 O-O 10. Re1 e5 11. fxe5 dxe5 12. Nbd2 Nh5 13. Nf1 b5 14. g4 Nf4 15. Bxf4
exf4 16. Qd2 g5 17. Qe2 h5 18. N1h2 Be5 19. Kh1 hxg4 20. hxg4 Kg7 21. Kg2 Rh8
22. Rh1 f6 23. Kf2 Be6 24. Rag1 Rc8 25. Nd2 Bb8 26. Ndf3 Ne5 27. Nxe5 fxe5 28.
Nf1 Qd7 29. Nh2 Rh3 30. Nf3 Rxh1 31. Rxh1 Bxg4 32. Rg1 Bxf3 33. Qxf3 Kf6 34. Qh5
Qg7 35. Qg4 Rg8 36. Qf5+ Ke7 37. Rh1 Rf8 38. Qg4 Kd6 39. Rh5 Rg8 40. a4 bxa4 41.
Bc4 d3 42. Qe6+ Kc7 43. Qxg8 Ba7+ 44. Kf3 g4+ 45. Kg2 Qxg8 46. Bxg8 dxc2 47.
Rh7+ Kb8 48. Rh1 Be3 49. Be6 g3 50. Rh8+ Ka7 51. Rh7+ Kb8 52. Rh8+ Kb7 53. Rh7+
Kc6 54. Bd5+ Kd6 55. Rh6+ Ke7 56. Rh7+ Kf6 57. Rh6+ Kg7 58. Rxa6 c1=Q 59. Ra7+
Bxa7 {White resigns} 0-1

[Event "Team 45 45 League T35"]
[Site "Internet Chess Club"]
[Date "2007.11.03"]
[Round "3"]
[White "andreip"]
[Black "Morpheous"]
[Result "1-0"]
[WhiteElo "2067"]
[BlackElo "1940"]
[Opening "KP: Nimzovich defense"]
[ECO "B00"]
[Time "12:36:05"]
[TimeControl "2700+45"]

1. e4 Nc6 2. d4 d5 3. e5 Bf5 4. Nf3 e6 5. c3 Be7 6. Bd3 Bxd3 7. Qxd3 f5 8. O-O
g5 9. Qb5 a6 10. Qe2 h5 11. Nbd2 g4 12. Ne1 h4 13. Nd3 h3 14. g3 Nh6 15. Nb3 Nf7
16. f3 gxf3 17. Qxf3 Qd7 18. Nbc5 Bxc5 19. Nxc5 Qe7 20. Nxb7 Nfxe5 21. Qd1 Nd7
22. Qa4 Nd8 23. Nc5 c6 24. Nd3 Nb6 25. Qc2 Rc8 26. Bf4 Nd7 27. Rae1 Rg8 28. Bc1
c5 29. dxc5 Nxc5 30. Rxf5 Ne4 31. Rf3 Nc6 32. Qa4 a5 33. Ref1 Qd6 34. Bf4 Qe7
35. Bh6 Qd6 36. Rf8+ Rxf8 37. Rxf8+ Kd7 38. Rf7+ Ke8 39. Bf4 Qd8 40. Rg7 Qb6+
41. Kf1 Qa6 42. Qd1 Ne7 43. Ke1 Kd8 44. Rh7 a4 45. Qf3 Qb5 46. Be3 Qe8 47. Qf4
a3 48. Bb6+ Kd7 49. Ne5+ Kd6 50. b4 Rxc3 51. Bc5+ Nxc5 52. Nc4+ Kd7 53. Qd6+ Kc8
54. Nb6+ Kb7 55. Rxe7+ {Black resigns} 1-0

[Event "Team 45 45 League T35"]
[Site "Internet Chess Club"]
[Date "2007.11.06"]
[Round "3"]
[White "ChessYogi"]
[Black "fledermaus"]
[Result "1-0"]
[WhiteElo "2044"]
[BlackElo "1964"]
[Opening "Caro-Kann: advance variation"]
[ECO "B12"]
[Time "15:04:42"]
[TimeControl "2700+45"]

1. e4 c6 2. d4 d5 3. e5 Bf5 4. Nf3 e6 5. Be2 c5 6. Be3 cxd4 7. Nxd4 Ne7 8. Nd2
Nbc6 9. N2f3 Be4 10. O-O Bxf3 11. Nxf3 Ng6 12. Bb5 Qc7 13. Qd4 Be7 14. h4 f6 15.
exf6 Bxf6 16. Qg4 Qf7 17. Bc5 Ne7 18. Rfe1 Bxb2 19. Rab1 Bf6 20. Rxe6 O-O 21.
Bxc6 bxc6 22. Rb7 Rfe8 23. Ng5 Bxg5 24. hxg5 Qf5 25. Rexe7 Rxe7 26. Qxf5 Rxb7
27. Qe6+ Rf7 28. Qxc6 Rd8 29. Bd4 Rfd7 30. f4 Re7 31. f5 Re4 32. Bxg7 Rde8 33.
Bh6 Re1+ 34. Kh2 R8e4 35. Qa8+ {Black resigns} 1-0

[Event "Team 45 45 League T35"]
[Site "Internet Chess Club"]
[Date "2007.11.04"]
[Round "3"]
[White "EdBorowski"]
[Black "OrangeKing"]
[Result "1/2-1/2"]
[WhiteElo "1996"]
[BlackElo "1749"]
[Opening "Queen's bishop game"]
[ECO "D02"]
[Time "19:02:14"]
[TimeControl "2700+45"]

1. d4 d5 2. Nf3 Nf6 3. Bf4 g6 4. e3 Bg7 5. Be2 O-O 6. h4 Nbd7 7. Ne5 Nxe5 8.
Bxe5 c5 9. h5 cxd4 10. Bxd4 Bd7 11. hxg6 fxg6 12. Nd2 Qc7 13. f4 Bf5 14. c3 Ne4
15. Bxg7 Kxg7 16. Nxe4 Bxe4 17. Bf3 Qb6 18. Qd4+ Qxd4 19. cxd4 Bxf3 20. gxf3
Rac8 21. Kd2 Rc6 22. Rac1 Rfc8 23. Rxc6 Rxc6 24. Rh4 h5 25. f5 gxf5 26. Rxh5 e6
{Game drawn by mutual agreement} 1/2-1/2

[Event "Team 45 45 League T35"]
[Site "Internet Chess Club"]
[Date "2007.11.04"]
[Round "3"]
[White "Bedouksofhazzar"]
[Black "Flying-Tiger"]
[Result "0-1"]
[WhiteElo "1743"]
[BlackElo "2027"]
[Opening "Sicilian: Grand Prix attack"]
[ECO "B23"]
[Time "20:19:07"]
[TimeControl "2700+45"]

1. e4 c5 2. Nc3 Nc6 3. f4 g6 4. Nf3 Bg7 5. Bb5 Nd4 6. O-O Nxb5 7. Nxb5 d6 8. d3
Nf6 9. Qe1 O-O 10. Qh4 a6 11. Nc3 b5 12. f5 b4 13. Ne2 e6 14. Bh6 Bxh6 15. Qxh6
Ng4 16. Qf4 exf5 17. h3 fxe4 18. dxe4 Ne5 19. Nxe5 dxe5 20. Qxe5 Qd2 21. Rf2 Qe3
22. Nf4 Bb7 23. Rf1 Rae8 24. Qc7 Bxe4 25. Kh2 Ba8 26. Nh5 Re7 27. Nf6+ Kg7 28.
Ng4 Qxh3+ 29. gxh3 Rxc7 30. Rf6 Rc6 31. R6f4 f5 32. Ne5 Re6 33. Nd7 Rd8 34. Nxc5
Re2+ 35. R4f2 Rdd2 36. Kg3 Rxc2 37. Nxa6 Rxb2 38. Rxe2 Rxe2 39. Nxb4 Re3+ 40.
Kh2 Kf6 41. Rd1 Re4 42. a3 Re2+ 43. Kg1 Rg2+ 44. Kf1 Rh2 45. Rd3 Be4 46. Rc3 Kg5
47. a4 Kh4 48. Rc7 h5 49. a5 Rxh3 50. a6 Ra3 51. a7 g5 52. Kf2 Kg4 53. Rc4 Rxa7
54. Nd5 Ra2+ 55. Kg1 Kg3 56. Rc3+ Bf3 57. Ne3 Ra1+ 58. Nf1+ Kf4 59. Kf2 g4 60.
Ng3 h4 61. Nh5+ Kg5 62. Nf4 Kxf4 63. Rxf3+ Kg5 64. Rb3 h3 65. Kg3 Ra2 66. Rb2
f4+ 67. Kh2 Rxb2+ 68. Kg1 g3 69. Kh1 Rb1# {White checkmated} 0-1

[Event "Team 45 45 League T35"]
[Site "Internet Chess Club"]
[Date "2007.11.05"]
[Round "3"]
[White "Wheels"]
[Black "PrincessChess"]
[Result "1-0"]
[WhiteElo "1853"]
[BlackElo "1793"]
[Opening "Ruy Lopez: Schliemann defense, Berger variation"]
[ECO "C63"]
[Time "20:02:55"]
[TimeControl "2700+45"]

1. e4 e5 2. Nf3 Nc6 3. Bb5 f5 4. Nc3 fxe4 5. Nxe4 d5 6. Ng3 Bd6 7. Bxc6+ bxc6 8.
Nxe5 Bxe5 9. Qh5+ g6 10. Qxe5+ Qe7 11. Qxe7+ Nxe7 12. d4 Ba6 13. Bf4 Kd7 14.
O-O-O Rhf8 15. Be3 Rae8 16. f3 Nf5 17. Nxf5 Rxf5 18. Kd2 Re7 19. Rde1 Ref7 20.
Bf2 g5 21. h3 h5 22. Re5 Bb7 23. Rxf5 Rxf5 24. Bg3 Bc8 25. Re1 Rf8 26. Re3 Rg8
27. Ke2 g4 28. Kf2 gxh3 29. gxh3 Kd8 30. h4 Rg7 31. Bf4 Rf7 32. Bg5+ Kd7 33. f4
Kd6 34. Re8 Bf5 35. c3 Bb1 36. a3 Bd3 37. Ke3 Bg6 38. Ra8 c5 39. Rxa7 c4 40. a4
Rf8 41. Rb7 Ra8 42. Rb4 Bc2 43. Kf3 Bxa4 44. f5 Be8 45. Kf4 Bf7 46. Bf6 Rg8 47.
Bg5 Ra8 48. Bf6 Rg8 49. Ra4 Rg2 50. Ra2 Rg4+ 51. Kf3 Rg8 52. Ra6+ Kd7 53. Be5
Rb8 54. Ra2 Rg8 55. Ra7 Rc8 56. Kf4 Kc6 57. Kg5 Kb6 58. Ra1 Kc6 59. Kf6 Be8 60.
Kg7 Rb8 61. Rb1 Rd8 62. f6 Rd7+ 63. Kf8 Bf7 64. Rg1 Be6 65. Rg7 Rxg7 66. fxg7
Kb5 67. Bxc7 Ka4 68. Bd6 Kb3 69. Ba3 Kc2 70. g8=Q Bxg8 71. Kxg8 Kd3 72. Kh7 Ke4
73. Kh6 Kf4 74. Kxh5 Kf5 75. Be7 {Black resigns} 1-0

[Event "Team 45 45 League T35"]
[Site "Internet Chess Club"]
[Date "2007.11.11"]
[Round "3"]
[White "parrot9"]
[Black "Budzo"]
[Result "1/2-1/2"]
[WhiteElo "1675"]
[BlackElo "1773"]
[Opening "French: Alapin variation"]
[ECO "C01"]
[Time "16:02:59"]
[TimeControl "2700+45"]

1. e4 e6 2. d4 d5 3. Be3 dxe4 4. Nd2 Nf6 5. f3 Nd5 6. Qe2 Nxe3 7. Qxe3 exf3 8.
Ngxf3 Be7 9. Bd3 Nd7 10. O-O Nf6 11. Rad1 O-O 12. Ne5 Bd6 13. Qh3 h6 14. g4 Bxe5
15. dxe5 Qd4+ 16. Kh1 Qxg4 17. Qe3 Nd5 18. Qf2 Bd7 19. Rg1 Qf4 20. Qg2 Qxe5 21.
Rde1 Qg5 22. Qe4 Qf5 23. Qg2 Qg5 24. Qe4 Qf5 25. Qg2 {Game drawn by mutual
agreement} 1/2-1/2

[Event "Team 45 45 League T35"]
[Site "Internet Chess Club"]
[Date "2007.11.06"]
[Round "3"]
[White "Cryptochess"]
[Black "OldBoy"]
[Result "1-0"]
[WhiteElo "1598"]
[BlackElo "1507"]
[Opening "Ruy Lopez: exchange variation, 5.O-O"]
[ECO "C68"]
[Time "12:58:44"]
[TimeControl "2700+45"]

1. e4 e5 2. Nf3 Nc6 3. Bb5 a6 4. Bxc6 dxc6 5. O-O Bg4 6. Nc3 Bc5 7. h3 Bxf3 8.
Qxf3 Qf6 9. Qxf6 Nxf6 10. d3 O-O-O 11. Na4 Ba7 12. Be3 Bd4 13. Bxd4 exd4 14. f4
b6 15. g4 g6 16. Rf3 Nd7 17. b4 h5 18. g5 f6 19. h4 fxg5 20. hxg5 Rdf8 21. Raf1
Rf7 22. e5 Re8 23. Kg2 Rf5 24. Nb2 Nf8 25. Nd1 Ne6 26. Kg3 c5 27. a3 Kb7 28. Nf2
cxb4 29. axb4 Ra8 30. Ne4 a5 31. bxa5 Rxa5 32. Rb1 Ra2 33. Rf2 Rf8 34. Nf6 Ng7
35. Kf3 Nf5 36. Nd5 Ra5 37. Nf6 Rd8 38. Re1 c5 39. Rfe2 Ne7 40. e6 Kc6 41. Nd7
Ra3 42. Ne5+ Kb5 43. Nf7 Rd5 44. Ke4 c4 45. dxc4+ Kxc4 46. Ne5+ Kc5 47. Nd3+ Kc6
48. Nb4+ Kd6 49. Nxd5 Nxd5 50. Rd2 Kc5 51. e7 Nxe7 52. Rxd4 Nf5 53. Rd5+ Kc6 54.
Rxf5 Ra4+ 55. Ke5 Ra5+ 56. Kf6 Rxf5+ 57. Kxg6 Rxf4 58. Kxh5 Rf2 59. Re6+ Kc5 60.
Re8 b5 61. g6 Rg2 62. Kh6 b4 63. Kh7 Kd4 64. Rc8 Ke3 65. g7 Kd2 66. g8=Q Rh2+
67. Kg7 Rg2+ 68. Kf8 Rf2+ 69. Ke7 {Black resigns} 1-0

[Event "Team 45 45 League T35"]
[Site "Internet Chess Club"]
[Date "2007.11.06"]
[Round "3"]
[White "Russellovich"]
[Black "smsxman"]
[Result "1-0"]
[WhiteElo "1691"]
[BlackElo "1593"]
[Opening "Scotch gambit"]
[ECO "C44"]
[Time "10:59:51"]
[TimeControl "2700+45"]

1. e4 e5 2. Nf3 Nc6 3. d4 exd4 4. Bc4 h6 5. O-O Nf6 6. e5 Ng4 7. Bf4 d6 8. exd6
cxd6 9. Re1+ Be7 10. Nxd4 O-O 11. Nc3 Bh4 12. g3 Bf6 13. Nxc6 bxc6 14. Bxd6 Qb6
15. Ne4 Bd4 16. Qf3 Ne5 17. Bxe5 Bxe5 18. Ng5 Bf6 19. Nxf7 Rxf7 20. Re8+ Kh7 21.
Bxf7 Bb7 22. Qf5+ {Black resigns} 1-0

[Event "Team 45 45 League T35"]
[Site "Internet Chess Club"]
[Date "2007.11.04"]
[Round "3"]
[White "chicopee-ed"]
[Black "rkaebi"]
[Result "1-0"]
[WhiteElo "1515"]
[BlackElo "1399"]
[Opening "QGD: 6.Nf3"]
[ECO "D55"]
[Time "11:02:34"]
[TimeControl "2700+45"]

1. d4 Nf6 2. Nf3 d5 3. c4 e6 4. Nc3 Be7 5. Bg5 O-O 6. e3 b6 7. cxd5 exd5 8. Bd3
c5 9. dxc5 bxc5 10. Bxf6 Bxf6 11. Nxd5 Bxb2 12. Rb1 Bf6 13. Nxf6+ Qxf6 14. O-O
Rd8 15. Qc2 Nc6 16. Bxh7+ Kh8 17. Be4 Bg4 18. Qxc5 Rd6 19. Qg5 Bxf3 20. Qxf6
Rxf6 21. Bxf3 Rd8 22. Rfd1 Rfd6 23. Rxd6 Rxd6 24. Rd1 Rf6 25. Bxc6 Rxc6 26. Rd8+
Kh7 27. g3 Ra6 28. Rd2 g5 29. f4 Kg6 30. g4 f5 31. h3 gxf4 32. exf4 Ra3 33. Kg2
Ra4 34. Rf2 a5 35. Kg3 Ra3+ 36. Kh4 Re3 37. Rg2 a4 38. Rg3 Re8 39. gxf5+ Kxf5
40. Rg5+ Kxf4 41. Rg4+ Kf3 42. Rxa4 Rh8+ 43. Kg5 Rxh3 44. Ra3+ Kg2 45. Rxh3 Kxh3
46. a4 Kg3 47. a5 Kf3 48. a6 Ke4 49. a7 Kd5 50. a8=Q+ Kd4 51. Qa5 Kc4 52. Kf4
Kd3 53. Qb4 Kc2 54. Qa3 Kd2 55. Kf3 Kc2 56. Ke3 Kb1 57. Kd4 Kc2 58. Qc3+ Kd1 59.
Qg3 Kc2 60. Kc4 Kd2 61. Qf2+ Kc1 62. Kc3 Kb1 63. Qb2# {Black checkmated} 1-0

[Event "Team 45 45 League T35"]
[Site "Internet Chess Club"]
[Date "2007.11.04"]
[Round "3"]
[White "BHogan"]
[Black "Lazerpawn"]
[Result "0-1"]
[WhiteElo "1662"]
[BlackElo "1695"]
[Opening "King's Indian defense, 3.Nc3"]
[ECO "E70"]
[Time "10:00:39"]
[TimeControl "2700+45"]

1. d4 Nf6 2. c4 g6 3. Nc3 d6 4. e4 Bg7 5. Bd3 O-O 6. Nge2 Nc6 7. O-O e5 8. d5
Ne7 9. Ng3 Bg4 10. f3 Bc8 11. Be3 Ne8 12. Qd2 f5 13. Bg5 f4 14. Nge2 h6 15. Bh4
g5 16. Bf2 c5 17. a3 Nf6 18. b4 b6 19. Rfb1 Qe8 20. Nb5 g4 21. Nxd6 Qh5 22. Nxc8
Raxc8 23. fxg4 Qxg4 24. h3 Qg5 25. bxc5 bxc5 26. Rb7 Ng6 27. Rxa7 Nh5 28. Nc3
Kh8 29. Be2 Nf6 30. Nb5 Nxe4 31. Qe1 f3 32. Bxf3 Nxf2 33. Qxf2 e4 34. Rxg7 Kxg7
35. Qb2+ Kh7 36. Bg4 Qe3+ 37. Kh1 Rf2 38. Qc1 Qg3 39. Qg1 Nh4 40. Bxc8 Rxg2 41.
Bg4 Rxg1+ 42. Rxg1 Qd3 43. a4 h5 44. Rd1 Qg3 45. Rg1 Qe3 46. Be6 Qf3+ 47. Kh2
Qf2+ {White resigns} 0-1

[Event "Team 45 45 League T35"]
[Site "Internet Chess Club"]
[Date "2007.11.01"]
[Round "3"]
[White "Chessadelic"]
[Black "nanning"]
[Result "1-0"]
[WhiteElo "1602"]
[BlackElo "1490"]
[Opening "Bird's opening"]
[ECO "A02"]
[Time "09:56:58"]
[TimeControl "2700+45"]

1. f4 c5 2. Nf3 Nc6 3. e3 g6 4. Be2 Bg7 5. O-O e6 6. d3 Nge7 7. c3 O-O 8. e4 d6
9. Qe1 f5 10. Be3 e5 11. fxe5 Nxe5 12. Nxe5 Bxe5 13. Nd2 f4 14. Bf2 Nc6 15. Nf3
g5 16. Nxe5 Nxe5 17. d4 cxd4 18. cxd4 f3 19. dxe5 fxe2 20. Qxe2 dxe5 21. Qc4+
Kh8 22. Qc3 Re8 23. Rad1 Qe7 24. Bc5 Qc7 25. Rd5 b6 26. Rf8+ Rxf8 27. Rxe5 Rf1+
28. Kxf1 Ba6+ 29. Kg1 Kg8 {Black resigns} 1-0